Map: [ESL] Ancient Cistern

Players

Lambo - Winner!

  • Race: Zerg Zerg
  • Spawn Location: 7:00

MaxPax

  • Race: Protoss Protoss
  • Spawn Location: 1:00

Event: ESL SC2 Masters 2023 Summer (Regionals)

VOD

Have the link to the VOD?

Description

Time

  • Played on: May 12, 2023, 10:13 a.m.
  • Length: 11:36

All games in this series

Show
View Real Time Build Order
Export as new Build Order

Lambo Zerg - Winner!

Build Orders: Hatch First 

Get SALT Encoding   

  12  0:00  Drone  
  13  0:12  Overlord  
  13  0:16  Drone  
  14  0:30  Drone x2  
  14  0:35  Drone  
  17  0:52  Hatchery  
  17  0:54  Drone  
  17  0:57  Drone  
  18  1:07  Extractor  
  17  1:12  Spawning Pool  
  17  1:15  Drone  
  17  1:18  Drone  
  18  1:27  Drone  
  19  1:38  Drone  
  20  1:51  Overlord  
  20  1:58  Queen  
  22  2:05  Queen  
  22  2:06  Drone, Zergling x2  
  22  2:08  Metabolic Boost  
  26  2:10  Drone  
  26  2:14  Drone  
  28  2:22  Drone  
  29  2:27  Drone  
  30  2:34  Drone  
  30  2:36  Drone  
  32  2:40  Queen  
  34  2:47  Hatchery  
  33  2:51  Overlord  
  33  2:56  Zergling x2  
  34  2:59  Spore Crawler  
  34  3:02  Zergling x2  
  34  3:04  Zergling x2  
  36  3:10  Queen, Overlord  
  38  3:16  Drone x3  
  40  3:25  Drone x4  
  44  3:29  Drone  
  44  3:31  Drone  
  46  3:37  Queen  
  48  3:41  Drone x2  
  48  3:44  Overlord  
  49  3:49  Drone x2  
  49  3:52  Roach Warren  
  50  3:56  Overlord  
  50  3:58  Drone  
  50  4:00  Queen  
  53  4:04  Drone x2  
  53  4:08  Drone  
  56  4:10  Drone x2  
  56  4:11  Overlord  
  56  4:16  Overlord  
  58  4:19  Queen  
  58  4:20  Zergling x2  
  58  4:22  Overlord  
  61  4:26  Zergling x4  
  61  4:30  Zergling x6  
  66  4:35  Spore Crawler  
  64  4:41  Zergling x6  
  64  4:44  Spore Crawler  
  65  4:50  Zergling x4  
  67  4:57  Roach x8  
  87  5:07  Roach, Zergling x6  
  87  5:09  Queen  
  87  5:11  Extractor  
  87  5:13  Overlord  
  90  5:19  Overlord  
  90  5:22  Zergling x12  
  90  5:27  Roach x2  
  98  5:29  Overlord  
  98  5:34  Roach  
  98  5:35  Zergling x8  
  104  5:41  Roach  
  106  5:43  Overlord  
  97  5:50  Zergling x8  
  94  5:58  Zergling x16  
  87  6:12  Drone x2  
  87  6:18  Drone x5  
  83  6:29  Drone x2  
  83  6:32  Lair  
  85  6:33  Drone  
  85  6:37  Drone  
  87  6:40  Drone x2  
  87  6:46  Drone x3  
  92  6:53  Drone x3  
  95  6:55  Evolution Chamber  
  94  7:03  Drone x3  
  94  7:05  Drone x3  
  100  7:09  Extractor, Evolution Chamber  
  100  7:10  Hatchery  
  97  7:16  Roach x3  
  97  7:22  Roach x3  
  107  7:23  Zergling x4  
  107  7:26  Overlord  
  107  7:28  Overlord  
  109  7:30  Drone  
  109  7:33  Zerg Melee Weapons Level 1  
  110  7:39  Drone  
  110  7:40  Drone, Glial Reconstitution  
  110  7:42  Drone x4  
  116  7:47  Drone x4  
  116  7:49  Extractor  
  119  7:58  Drone x5  
  119  8:00  Zerg Missile Weapons Level 1  
  119  8:05  Baneling Nest  
  123  8:09  Queen  
  125  8:14  Drone x3  
  125  8:20  Roach x6  
  135  8:28  Zergling x10  
  140  8:34  Zergling x6  
  140  8:38  Zergling x4  
  143  8:41  Hatchery  
  128  8:49  Zergling x18  
  128  8:51  Ravager x3  
  128  8:52  Drone x2  
  142  8:57  Zergling x2  
  142  9:01  Overlord  
  143  9:05  Overlord x2  
  141  9:12  Overlord x2  
  141  9:13  Overlord  
  141  9:14  Overlord  
  138  9:20  Overlord  
  134  9:28  Zergling x22  
  139  9:31  Zergling x12  
  139  9:33  Drone x3  
  139  9:36  Centrifugal Hooks  
  146  9:38  Drone x3  
  146  9:43  Zergling x8  
  142  9:53  Zergling x8  
  146  10:00  Zergling x14  
  146  10:02  Baneling  
  146  10:03  Baneling x8  
  146  10:04  Ravager  
  154  10:11  Zergling x2  
  154  10:12  Zergling x16  
  150  10:15  Zergling x6  
  150  10:16  Hatchery  
  150  10:20  Zergling x2  
  147  10:25  Zergling x10  
  145  10:34  Zergling x24  
  145  10:38  Roach x3  
  145  10:44  Roach x2  
  145  10:49  Roach x3  
  150  10:54  Zergling x8  
  150  11:00  Zergling x14  
  150  11:02  Zergling x2, Baneling  
  150  11:03  Baneling x6  
  158  11:05  Zergling x6  
  158  11:11  Zergling x8  
Show
View Real Time Build Order
Export as new Build Order

MaxPax Protoss 

Build Orders: 1 Gate Expand, Mass Adepts 

Get SALT Encoding   

  12  0:00  Probe  
  13  0:12  Probe  
  14  0:19  Pylon  
  14  0:24  Probe  
  15  0:37  Probe (Chrono Boost)  
  15  0:40  Gateway  
  16  0:46  Probe (Chrono Boost)  
  16  0:48  Assimilator  
  17  0:52  Probe  
  18  1:04  Probe  
  19  1:16  Probe  
  20  1:25  Nexus  
  20  1:35  Cybernetics Core  
  20  1:37  Probe  
  21  1:44  Assimilator  
  21  1:49  Probe  
  21  1:53  Pylon  
  22  2:01  Probe  
  23  2:09  Adept (Chrono Boost)  
  23  2:12  Warp Gate  
  23  2:13  Probe  
  26  2:22  Twilight Council  
  26  2:26  Probe (Chrono Boost)  
  26  2:28  Adept (Chrono Boost)  
  30  2:37  Probe (Chrono Boost)  
  30  2:44  Probe (Chrono Boost)  
  31  2:46  Probe (Chrono Boost)  
  31  2:50  Probe (Chrono Boost)  
  33  2:51  Probe (Chrono Boost), Stalker  
  36  3:02  Probe  
  36  3:03  Probe  
  38  3:07  Gateway  
  38  3:10  Gateway  
  38  3:14  Probe  
  38  3:16  Probe  
  38  3:18  Resonating Glaives (Chrono Boost)  
  40  3:26  Probe  
  37  3:27  Robotics Facility  
  37  3:28  Probe  
  38  3:39  Probe  
  39  3:41  Probe  
  39  3:44  Gateway  
  39  3:47  Gateway  
  40  3:48  Gateway  
  40  3:51  Probe  
  40  3:53  Pylon  
  41  3:56  Probe  
  41  4:00  Assimilator  
  41  4:02  Adept x2  
  46  4:05  Pylon  
  46  4:11  Adept  
  46  4:13  Warp Prism (Chrono Boost)  
  50  4:31  Pylon  
  50  4:32  Adept x3  
  56  4:38  Assimilator  
  56  4:43  Adept x3  
  62  4:47  Pylon  
  62  5:04  Pylon  
  62  5:06  Adept x5  
  72  5:08  Adept  
  72  5:09  Observer  
  71  5:29  Probe  
  71  5:32  Adept x6  
  84  5:36  Pylon  
  84  5:38  Probe  
  86  5:42  Probe  
  80  5:50  Probe  
  69  5:59  Adept x2  
  69  6:00  Adept x4  
  73  6:11  Probe  
  73  6:15  Probe  
  73  6:17  Robotics Bay  
  65  6:24  Probe  
  60  6:27  Probe  
  59  6:35  Adept x4  
  69  6:46  Observer  
  67  6:54  Probe x2  
  67  6:57  Nexus  
  67  6:58  Pylon  
  69  7:01  Adept x2  
  69  7:02  Adept x4  
  69  7:04  Disruptor (Chrono Boost)  
  84  7:09  Probe  
  84  7:11  Probe  
  86  7:16  Gravitic Drive  
  86  7:20  Shield Battery  
  86  7:21  Probe  
  87  7:28  Disruptor (Chrono Boost)  
  87  7:29  Probe  
  88  7:33  Adept x2  
  88  7:34  Probe  
  96  7:40  Blink (Chrono Boost)  
  96  7:41  Probe  
  97  7:44  Forge  
  97  7:46  Probe  
  98  7:53  Probe  
  98  7:58  Probe, Pylon  
  100  8:05  Probe  
  100  8:11  Probe  
  100  8:16  Stalker x5  
  100  8:17  Stalker  
  100  8:19  Probe  
  113  8:22  Protoss Ground Weapons Level 1 (Chrono Boost)  
  113  8:25  Probe x2  
  111  8:28  Pylon  
  111  8:32  Pylon  
  107  8:48  Probe  
  107  8:50  Stalker x6  
  118  8:59  Disruptor (Chrono Boost)  
  121  9:03  Nexus  
  121  9:05  Pylon  
  121  9:13  Probe  
  122  9:23  Stalker x6  
  122  9:25  Probe  
  122  9:29  Probe  
  122  9:30  Probe  
  123  9:32  Assimilator  
  123  9:33  Assimilator  
  119  9:39  Photon Cannon  
  119  9:49  Stalker x4  
  119  9:50  Stalker  
  119  9:51  Probe, Stalker  
  132  9:57  Pylon  
  132  10:07  Gateway  
  132  10:10  Gateway  
  132  10:12  Stalker x2  
  132  10:14  Pylon  
  134  10:20  Adept x2  
  138  10:27  Adept x2  
  142  10:32  Disruptor (Chrono Boost)  
  109  10:42  Stalker x4  
  106  10:46  Probe  
  106  10:47  Probe  
  106  10:56  Photon Cannon  
  106  11:00  Disruptor (Chrono Boost)  
  106  11:03  Probe x2  
  112  11:05  Pylon  
  112  11:14  Adept  
  112  11:15  Adept x3  
  116  11:23  Stalker x2  
Tags
 
Add a new tag
Caveats
  • Supply blocks, unpowered buildings, or Contaminate may cause inaccurate times.
  • Supply counts are checked every 10 seconds.